 Dungeon Crawl Stone Soup version 0.19.0-18-g426998a (webtiles) character file.

178 dysrexia the Changer (level 5, -5/33 HPs)
             Began as an Octopode Transmuter on Nov 12, 2016.
             Was an Initiate of Cheibriados.
             Killed from afar by Sigmund (11 damage)
             ... with a wand of flame
             ... on level 3 of the Dungeon.
             The game lasted 00:05:52 (1927 turns).

dysrexia the Changer (Octopode Transmuter)          Turns: 1927, Time: 00:05:54

Health: -5/33      AC:  1    Str: 10    XL:     5   Next: 58%
Magic:  6/8        EV: 13    Int: 17    God:    Cheibriados [......]
Gold:   123        SH:  0    Dex: 14    Spells: 3 memorised, 2 levels left

rFire  . . .     SeeInvis .       - Unarmed
rCold  . . .     Gourm    .     (no shield)
rNeg   . . .     Faith    .     (helmet restricted)
rPois  .         Spirit   .     (no amulet)
rElec  .         Reflect  .     (no ring)
rCorr  .         Harm     .     (no ring)
MR     .....                    (no ring)
Stlth  ++........               (no ring)
                                (no ring)
                                (no ring)
                                (no ring)
                                (no ring)

@: very slow
A: almost no armour, stealthy swim, amphibious, 8 rings, constrict 8, camouflage
1, gelatinous body 1
a: Bend Time, Renounce Religion


You were on level 3 of the Dungeon.
You worshipped Cheibriados.
Cheibriados was noncommittal.
You were very hungry.

You visited 1 branch of the dungeon, and saw 3 of its levels.

You collected 123 gold pieces.

Inventory:

Missiles
 a - 25 arrows
 t - 27 stones (quivered)
Jewellery
 h - a cursed ring of loudness {unknown}
 u - a cursed amulet of inaccuracy {unknown}
Scrolls
 d - 2 scrolls of noise {unknown}
 g - 2 scrolls of teleportation {unknown}
 l - a scroll of fog {unknown}
 n - 2 scrolls of blinking {unknown}
 p - 2 scrolls of remove curse {unknown}
 v - a scroll of magic mapping {unknown}
 w - 2 scrolls of fear {unknown}
Potions
 e - a potion of curing {unknown}
 i - a potion of haste {unknown}
 m - 2 potions of heal wounds {unknown}
 q - a potion of invisibility {unknown}
 s - 2 potions of brilliance {unknown}
 x - a potion of degeneration {unknown}
 z - a potion of flight {unknown}
Books
 b - a book of Changes

   Spells                             Type                      Level
   a - Beastly Appendage              Transmutation                1
   b - Sticks to Snakes               Transmutation                2
   c - Spider Form                    Transmutation/Poison         3
   d - Ice Form                       Ice/Transmutation            4
   e - Blade Hands                    Transmutation                5
Comestibles
 c - a bread ration
 f - a slice of pizza
 k - a beef jerky
 o - 5 fruits
 r - a meat ration


   Skills:
 - Level 1.0 Fighting
 - Level 2.0 Dodging
 + Level 4.0 Unarmed Combat
 - Level 2.0 Spellcasting
 * Level 4.4 Transmutations
 - Level 2.1 Poison Magic


You had 2 spell levels left.
You knew the following spells:

 Your Spells              Type           Power        Failure   Level  Hunger
a - Beastly Appendage     Tmut           ###...       3%          1    #......
b - Sticks to Snakes      Tmut           ###.....     6%          2    ###....
c - Spider Form           Tmut/Pois      ##........   17%         3    ###....


Dungeon Overview and Level Annotations

Branches:
Dungeon (3/15)

Altars:
Cheibriados
Fedhas
Hepliaklqana

Annotations:
D:3 Sigmund


Innate Abilities, Weirdness & Mutations

You cannot wear most types of armour.
You are very stealthy in the water. (Stealth+)
You are amphibious.
You can wear up to eight rings at the same time.
You can use your tentacles to constrict eight enemies at once.
Your skin changes colour to match your surroundings (Stealth+).
Your rubbery body absorbs attacks. (AC +1, EV +1)


Message History

The orc wizard misses you.
Your ball python bites the orc wizard but does no damage.
Your ball python misses the orc wizard.
The orc wizard hits you with a dagger.
* * * LOW HITPOINT WARNING * * *
Your ball python closely misses the orc wizard.
Your ball python grabs the orc wizard.
Your ball python constricts the orc wizard.
Sigmund shouts!
You tentacle-slap the orc wizard but do no damage.
The orc wizard is almost dead.
The orc wizard gestures wildly while chanting.
Your ball python bites the orc wizard but does no damage.
Your ball python constricts the orc wizard.
The orc wizard barely misses you.
You tentacle-slap the orc wizard.
You kill the orc wizard!
Cheibriados thoroughly appreciates the change of pace.
Your Unarmed Combat skill increases to level 4!
Sigmund zaps a wand.
The puff of flame hits you!
You die...

..o...##)#.#...........
.......†#.#.###.###.#.
#.##.###....# #. #...
###.##.###....###+###..#
....@....)......'_'....#
..............#######..#
###...).......# ### #.##
.......S......# ### #.#
#######@##......... ..#
#.####....### .## #.#
###### . #.# ..# ###


You could see Sigmund and a friendly ball python.

Vanquished Creatures
  An orc wizard (D:3)
  Natasha (twice) (D:2)
  3 adders
  A worm (D:2)
  A dart slug (D:1)
  2 leopard geckos
  2 orcs (D:3)
  A giant cockroach (D:2)
  8 goblins
  3 hobgoblins
  5 jackals
  6 bats
  4 frilled lizards
  6 kobolds
  5 rats
50 creatures vanquished.

Vanquished Creatures (collateral kills)
  Natasha (D:2)
  A hobgoblin (D:2)
2 creatures vanquished.

Grand Total: 52 creatures vanquished

Notes
Turn   | Place    | Note
-------+----------+-------------------------------------------
     0 | D:1      | dysrexia the Octopode Transmuter began the quest for the Orb.
     0 | D:1      | Reached XP level 1. HP: 13/13 MP: 3/3
   100 | D:1      | Reached XP level 2. HP: 17/18 MP: 5/5
   672 | D:2      | Reached XP level 3. HP: 23/23 MP: 4/6
   693 | D:2      | Learned a level 2 spell: Sticks to Snakes
   697 | D:2      | Learned a level 3 spell: Spider Form
  1029 | D:2      | Found a hazy altar of Hepliaklqana.
  1030 | D:2      | Noticed Natasha
  1081 | D:2      | Killed Natasha
  1081 | D:2      | Reached skill level 1 in Poison Magic
  1081 | D:2      | Reached XP level 4. HP: 14/28 MP: 4/7
  1298 | D:2      | Noticed Natasha
  1308 | D:2      | Killed Natasha
  1503 | D:2      | Noticed Natasha
  1532 | D:2      | Killed Natasha
  1532 | D:2      | Reached XP level 5. HP: 19/33 MP: 3/8
  1743 | D:3      | Found a blossoming altar of Fedhas.
  1808 | D:3      | Found a snail-covered altar of Cheibriados.
  1811 | D:3      | Became a worshipper of Cheibriados the Contemplative
  1905 | D:3      | Noticed Sigmund
  1927 | D:3      | Killed from afar by Sigmund

Skill      XL: |  1  2  3  4  5 |
---------------+----------------+-----
Transmutations | 3 4 |  4.4
Poison Magic   | 1 2 |  2.1
Unarmed Combat | 4 |  4.0
Fighting       | |  1.0
Dodging        | |  2.0
Spellcasting   | |  2.0

Action                   |  1- 3 |  4- 6 || total
-------------------------+-------+-------++-------
Melee: Unarmed           |    73 |    48 ||   121
       Constrict         |    21 |    10 ||    31
       Punch             |     2 |       ||     2
       Tentacles         |    10 |     8 ||    18
       Kick              |     7 |     9 ||    16
 Cast: Beastly Appendage |    15 |     7 ||    22
       Sticks to Snakes  |     2 |     6 ||     8
 Stab: Sleeping          |     5 |     1 ||     6
  Eat: Chunk             |     1 |     2 ||     3
Armor: Skin              |     6 |     1 ||     7
Dodge: Dodged            |    41 |    24 ||    65
